 Dungeon Crawl Stone Soup version 0.31-a0-182-gc5ef74bbde (webtiles) character file.

Game seed: 14136127609155282328

149 ytrimaz the Grave Robber (level 5, -1/35 HPs)
             Began as a Mummy Necromancer on June 21, 2023.
             Slain by an orc priest
             ... wielding a +0 flail
              (5 damage)
             ... on level 3 of the Dungeon.
             The game lasted 00:03:29 (3213 turns).

ytrimaz the Grave Robber (Mummy Necromancer)        Turns: 3213, Time: 00:03:30

Health: -1/35      AC:  3    Str: 11    XL:     5   Next: 9%
Magic:  0/12       EV: 12    Int: 17    God:
Gold:   93         SH:  0    Dex: 12    Spells: 6/14 levels left

rFire   x . .        (no weapon)
rCold   + . .        (no shield)
rNeg    + + +        a - +0 robe
rPois   ∞            f - +1 hat
rElec   .            b - scarf {repulsion}
rCorr   .            (no gloves)
SInv    .            (no boots)
Will    .....        (no amulet)
Stlth   ++           (no ring)
HPRegen 0.25/turn    (no ring)
MPRegen 0.13/turn

%: repel missiles, faith
@: no status effects
A: cold resistance 1, negative energy resistance 3, torment resistance 2, heat
vulnerability 1, in touch with death 1, no potions, faith
a: no special abilities


You were on level 3 of the Dungeon.
You visited 1 branch of the dungeon, and saw 4 of its levels.

You collected 93 gold pieces.


Innate Abilities, Weirdness & Mutations

You are immune to poison.
Your flesh is cold resistant. (rC+)
You are immune to negative energy. (rN+++)
You are immune to unholy pain and torment.
You are vulnerable to heat. (rF-)
You are in touch with the powers of death.
You do not drink.
You have a special connection with the divine. (Faith)


   Skills:
 - Level 1.5 Dodging
 - Level 1.5 Stealth
 + Level 5.0 Spellcasting
 + Level 5.3 Necromancy


You had 6 spell levels left.
You knew the following spells:

 Your Spells              Type           Power      Damage    Failure   Level
a - Necrotise             Necr           100%       1d9       1%          1
b - Vampiric Draining     Necr           33%        2d8       4%          3
c - Animate Dead          Necr           33%        N/A       16%         4

Your spell library contained the following spells:

 Spells                   Type           Power      Damage    Failure   Level
 Summon Small Mammal      Summ           16%        N/A       14%         1
 Call Canine Familiar     Summ           4%         N/A       38%         3
 Summon Guardian Golem    Hex/Summ       4%         N/A       38%         3
 Agony                    Necr           33%        N/A       41%         5

Inventory:

Armour
 a - a +0 robe (worn)
 b - a scarf of repulsion (worn)
   (You found it on level 2 of the Dungeon)
 f - a +1 hat (worn)
   (You found it on level 3 of the Dungeon)
Scrolls
 c - a scroll of poison
 d - 3 scrolls of amnesia

Dungeon Overview and Level Annotations

Branches:
Dungeon (4/15) Zot: 20761
 Temple: D:4-7

Altars:
Cheibriados
Hepliaklqana

Shops:
D:3

: #.......## ##......)..
#........# ##......##
#........## ##.######
#.........# #..# #.........#
#.## #.........# #.#
#######........######.#
#..............#≈≈~≈#.########
#.###########@.#≈~≈~#...[.....
#.# #...o#.'~≈~≈'.######## #.#
###....##≈~≈~#.#### ###.#
≈≈#.....#≈≈~≈#....## #...#
##≈##>.#.######.##..# #.###
##≈≈###.##.##..#####.#
##.######≈≈≈# #.##....## #.#
.~..~.~#≈≈≈≈# #.###...(#####.#
# ~~~~~~~~~≈≈≈# #.#
#.##..##...# ##


You could see an orc priest.


Message History

Unknown command.
Aiming: Necrotise (safe; 1% risk of failure)
Press: ? - help, Q - select action, (/) - cycle Shift-Dir - straight line, f/p - orc
Aim: an orc, wielding a +0 club (moderately wounded, chance to affect: 93%)
You feel a surge of power!
The orc writhes in agony. 😎 MP[-1]
You lost 1 mp, and now have 7/10 mp.
Unknown command.
There is a fountain of clear blue water here.
Aiming: Necrotise (safe; 1% risk of failure)
Press: ? - help, Q - select action, (/) - cycle Shift-Dir - straight line, f/p - orc
Aim: an orc, wielding a +0 club (almost dead, chance to affect: 93%)
You feel a surge of power!
The orc writhes in agony!
You kill the orc!
The dead are walking! 😎 MP[-1]
You lost 1 mp, and now have 6/10 mp.
Unknown command. 😎 MP[+1]
Your orc skeleton hits the orc priest but does no damage.
There is a stone staircase leading up here.
Aiming: Necrotise (safe; 1% risk of failure)
Press: ? - help, Q - select action, (/) - cycle Shift-Dir - straight line, f - orc priest
Aim: an orc priest, wielding a +0 flail and wearing a +0 chain mail (moderately wounded, chance to affect: 83%)
Your target is gone.
You feel a surge of power!
The orc priest barely resists.
Your orc skeleton hits the orc priest but does no damage. 😎 MP[-1]
You lost 1 mp, and now have 6/10 mp.
Unknown command.
Aiming: Necrotise (safe; 1% risk of failure)
Press: ? - help, Q - select action, (/) - cycle Shift-Dir - straight line, f/p - orc priest
Aim: an orc priest, wielding a +0 flail and wearing a +0 chain mail (moderately wounded, chance to affect: 83%)
You feel a surge of power!
The orc priest writhes in agony.
Your orc skeleton hits something.
The orc priest looks encouraged for a moment. 😎 MP[-1]
You lost 1 mp, and now have 5/10 mp.
Aiming: Necrotise (safe; 1% risk of failure)
Press: ? - help, Q - select action, (/) - cycle Shift-Dir - straight line, f/p - orc priest
Aim: an orc priest, wielding a +0 flail and wearing a +0 chain mail (heavily wounded, chance to affect: 83%)
You feel a surge of power!
The orc priest writhes in agony. 😎 MP[-1]
You lost 1 mp, and now have 4/10 mp.
Casting: Necrotise (safe; 1% risk of failure)
Confirm with . or Enter, or press ? or * to list all spells.
Aiming: Vampiric Draining (dangerous; 5% risk of failure)
Press: ? - help, Shift-Dir - straight line, f/p - orc priest
Aim: an orc priest, wielding a +0 flail and wearing a +0 chain mail (heavily wounded)
You feel a surge of power!
You draw life force from the orc priest!
You kill the orc priest!
Your Spellcasting skill increases to level 5!
You have reached level 5!
You feel clever. 😎 HP[+5] MP[-3]
You now have 35 max hp (+5).
Your hp is fully restored (35).
You lost 3 mp, and now have 1/12 mp.
Aiming: Necrotise (safe; 1% risk of failure)
Press: ? - help, Q - select action, (/) - cycle Shift-Dir - straight line, f - orc priest
Aim: an orc priest, wielding a +0 flail and wearing a +0 ring mail (ally target, chance to affect: 83%)
You feel a surge of power!
The orc priest writhes in agony.
The orc priest hits you with a +0 flail! 😮 HP[-11] MP[-1]
You take 11 damage, and now have 24/35 hp.
MASSIVE DAMAGE!! (PAUSE)
You lost 1 mp, and now have 0/12 mp.
The orc priest hits you with a +0 flail.
Something hits you.
Deactivating autopickup; reactivate with Ctrl-A.
You climb upwards.
Reactivating autopickup.
There is a stone staircase leading down here. 😮 HP[-5] MP[+1]
You take 5 damage, and now have 19/35 hp.
Okay, then.
The orc priest attacks as you move away!
The orc priest hits you with a +0 flail!
* * * LOW HITPOINT WARNING * * *
You hear some strange, mumbled words.
Deactivating autopickup; reactivate with Ctrl-A.
Something tries to affect you, but you resist.
The orc priest casts a cantrip, but nothing happens. 😨 HP[-7]
You take 7 damage, and now have 12/35 hp.
Unknown command.
Okay, then. 😨 HP[+1]
The orc priest attacks as you move away!
The orc priest hits you with a +0 flail!
* * * LOW HITPOINT WARNING * * *
😱 HP[-9]
You take 9 damage, and now have 4/35 hp.
MASSIVE DAMAGE!! (PAUSE)
Aiming: Necrotise (safe; 1% risk of failure)
Press: ? - help, Q - select action, (/) - cycle Shift-Dir - straight line, f - orc priest
Aim: an orc priest, wielding a +0 flail and wearing a +0 ring mail (moderately wounded, chance to affect: 83%)
You feel a surge of power!
The orc priest writhes in agony.
The orc priest hits you with a +0 flail.
You die...

Skill      XL: |  1  2  3  4 |
---------------+-------------+-----
Spellcasting   | 3 4 5 |  5.0
Necromancy     | 5 |  5.3
Dodging        | |  1.5
Stealth        | |  1.5

Action                     |  1- 3 |  4- 6 || total
---------------------------+-------+-------++-------
  Melee: Unarmed           |    18 |     1 ||    19
   Cast: Necrotise         |    89 |    50 ||   139
         Vampiric Draining |       |     1 ||     1
    Use: Scroll            |     2 |     2 ||     4
 Armour: Robe              |    23 |     1 ||    24
  Dodge: Dodged            |    46 |     6 ||    52
         Repelled          |       |     1 ||     1

Levels and vault maps discovered:
D:1:      lightli_iron_boxes, layout_loops_corners,
          chequers_hall_statues_wall_a, chequers_serial_rivers_marsh,
          minmay_misc_feat_pillars
D:2:      layout_rooms, kennysheep_generic_room_3
D:3:      layout_rooms, nicolae_hepliaklqana_ecumenical_no_more,
          mainiacjoe_overflow_small_starburst,
          mainiacjoe_overflow_concentric_impassable, serial_shops,
          nicolae_shop_hallway_plus, serial_rivers,
          chequers_serial_rivers_large_a, chequers_serial_rivers_room_b,
          chequers_serial_rivers_small_b, chequers_serial_rivers_micro_c,
          chequers_serial_rivers_marsh
D:4:      layout_cave_pools, lemuel_round_altar, grunt_qazlal_clouds,
          mainiacjoe_overflow_alcove_2, mainiacjoe_overflow_cross_hatched,
          grunt_ministairs_5

Notes
Turn   | Place    | Note
-------+----------+-------------------------------------------
     0 | D:1      | ytrimaz the Mummy Necromancer began the quest for the Orb.
     0 | D:1      | Reached XP level 1. HP: 13/13 MP: 4/4
     0 | D:1      | magus.rc [v1.9.6]
   168 | D:1      | Reached skill level 3 in Spellcasting
   274 | D:1      | Reached XP level 2. HP: 15/19 MP: 0/6
  1356 | D:2      | Gained mutation: You are in touch with the powers of death.
                  | [Mummy growth]
  1356 | D:2      | Reached XP level 3. HP: 24/24 MP: 4/8
  1566 | D:2      | Reached skill level 4 in Spellcasting
  1765 | D:2      | Reached XP level 4. HP: 25/30 MP: 1/10
  1861 | D:2      | Learned a level 3 spell: Vampiric Draining
  1866 | D:2      | Learned a level 4 spell: Animate Dead
  1930 | D:2      | Reached skill level 5 in Necromancy
  2063 | D:2      | You pick up a book of Callings and begin reading...
  2063 | D:2      | You add the spells Summon Small Mammal, Call Canine
                  | Familiar and Summon Guardian Golem to your library.
  2798 | D:3      | Found Ytuajeann's Book Emporium.
  2835 | D:3      | Found a snail-covered altar of Cheibriados.
  2890 | D:3      | Found a faded altar of an unknown god.
  2890 | D:3      | Found a hazy altar of Hepliaklqana.
  2901 | D:3      | Found a faded altar of an unknown god.
  3206 | D:4      | Reached skill level 5 in Spellcasting
  3206 | D:4      | Reached XP level 5. HP: 35/35 MP: 1/12
  3211 | D:3      | HP: 4/35 [orc priest/+0 flail (9)]
  3213 | D:3      | Slain by an orc priest

Vanquished Creatures
  An orc priest (D:4)
  4 adders
  3 worms (D:2)
  A dart slug (D:2)
  2 orcs (D:4)
  9 ball pythons
  3 bats
  3 endoplasms
  4 giant cockroaches
  7 goblins
  5 hobgoblins
  2 jackals (D:1)
  4 quokkas
  5 frilled lizards
  4 kobolds
  6 rats
63 creatures vanquished.

Vanquished Creatures (collateral kills)
  2 jackals (D:1)
2 creatures vanquished.

Grand Total: 65 creatures vanquished

Table legend:
 A = Non-vault XP
 B = Vault XP
 C = Vault XP percentage of total XP
 D = Non-vault monster count
 E = Vault monster count
 F = Vault count percentage of total count
                 A         B        C        D         E       F
            +---------+---------+-------+---------+---------+-------
      Total |     161 |      52 |  24.4 |      61 |       4 |   6.2
            +---------+---------+-------+---------+---------+-------
        D:1 |      39 |       0 |   0.0 |      25 |       0 |   0.0
        D:2 |      89 |       2 |   2.2 |      25 |       1 |   3.8
        D:3 |      33 |       0 |   0.0 |      11 |       0 |   0.0
        D:4 |       0 |      50 | 100.0 |       0 |       3 | 100.0
            +---------+---------+-------+---------+---------+-------

Skill      XL: |  1  2  3  4 |
---------------+-------------+-----
Spellcasting   | 3 4 5 |  5.0
Necromancy     | 5 |  5.3
Dodging        | |  1.5
Stealth        | |  1.5

Action                     |  1- 3 |  4- 6 || total
---------------------------+-------+-------++-------
  Melee: Unarmed           |    18 |     1 ||    19
   Cast: Necrotise         |    89 |    50 ||   139
         Vampiric Draining |       |     1 ||     1
    Use: Scroll            |     2 |     2 ||     4
 Armour: Robe              |    23 |     1 ||    24
  Dodge: Dodged            |    46 |     6 ||    52
         Repelled          |       |     1 ||     1

Illustrated notes

Table legend:
 A = Kills in this place as a percentage of kills in the entire game.
 B = Kills by you in this place as a percentage of kills by you in the entire game.
 C = Kills by friends in this place as a percentage of kills by friends in the entire game.
 D = Other kills in this place as a percentage of other kills in the entire game.
 E = Experience gained in this place as a percentage of experience gained in the entire game.
 F = Experience gained in this place divided by the number of levels of this place that you have seen.
                   A       B       C       D       E      F
               +-------+-------+-------+-------+-------+----------------------
         Total | 100.0 | 100.0 | 100.0 |   N/A | 100.0 |  53.2
       Dungeon | 100.0 | 100.0 | 100.0 |   N/A | 100.0 |  53.2
               +-------+-------+-------+-------+-------+----------------------

Table legend: (Time is in decaauts)
 A = Elapsed time spent in this place.
 B = Non-inter-level travel time spent in this place.
 C = Inter-level travel time spent in this place.
 D = Time resting spent in this place.
 E = Time spent auto-exploring this place.
 F = Levels seen in this place.
 G = Mean time per level.
                   A        B        C        D        E       F      G
               +--------+--------+--------+--------+--------+-----+--------+
         Total |   3237 |   3136 |    101 |     17 |   2725 |   4 |  809.2 |
       Dungeon |   3237 |   3136 |    101 |     17 |   2725 |   4 |  809.2 |
               +--------+--------+--------+--------+--------+-----+--------+

Top non-repeatable levels by time:
     D:1: 1354 daAuts
     D:2: 1018 daAuts
     D:3: 799 daAuts
     D:4: 65 daAuts
